 Dungeon Crawl Stone Soup version 0.25.0-11-g1f837a76a1 (webtiles) character file.

Game seed: 15754073813775367762

31820 Flugkiller the Unseen (level 12, -2/57 HPs)
             Began as a Spriggan Enchanter on June 27, 2020.
             Was an Elder of Ashenzari.
             Slain by a seven-headed hydra (16 damage)
             ... on level 4 of the Swamp.
             The game lasted 00:52:00 (15010 turns).

Flugkiller the Unseen (Spriggan Enchanter)         Turns: 15010, Time: 00:52:00

Health: -2/57      AC:  8    Str:  4    XL:     12   Next: 31%
Magic:  15/24      EV: 34    Int: 17    God:    Ashenzari [****..]
Gold:   200        SH:  0    Dex: 21    Spells: 6/26 levels left

rFire    . . .     SeeInvis +   b - +4 dagger (distort) (curse)
rCold    . . .     Gourm    .   (shield restricted)
rNeg     . . .     Faith    .   W - +2 robe {Archmagi}
rPois    +         Spirit   .   u - +1 hat
rElec    .         Reflect  .   j - +2 cloak (curse)
rCorr    .         Harm     .   (gloves unavailable)
MR       ++...     Clarity  +   (boots unavailable)
Stlth    +++++++...             v - amulet of inaccuracy (curse)
HPRegen  0.19/turn              O - ring of poison resistance
MPRegen  0.19/turn              M - +4 ring of evasion (curse)

@: very slightly contaminated, very quick
A: very small, unfitting armour, see invisible, herbivore, speed 3, slow
metabolism 2
}: 1/15 runes: decaying
a: Curse Item, Scrying, Renounce Religion


You were on level 4 of the Swamp.
You worshipped Ashenzari.
Ashenzari was greatly pleased with you.
You were hungry.

You visited 5 branches of the dungeon, and saw 27 of its levels.
You also visited: Ice Cave.

You collected 1692 gold pieces.
You spent 1492 gold pieces at shops.

Inventory:

Hand Weapons
 b - a cursed +4 dagger of distortion (weapon)
   (You took it off Psyche on level 10 of the Dungeon)
Missiles
 f - 2 throwing nets (quivered)
Armour
 h - a +0 buckler
   (You found it on level 3 of the Dungeon)
 j - a cursed +2 cloak (worn)
   (You took it off Crazy Yiuf on level 2 of the Dungeon)
 u - a +1 hat (worn)
   (You found it on level 11 of the Dungeon)
 B - a +2 robe of magic resistance
   (You took it off Psyche on level 10 of the Dungeon)
 W - a +2 robe of the Archmagi (worn)
   (You took it off a kobold demonologist on level 14 of the Dungeon)
Jewellery
 c - an uncursed ring of magical power
   (You found it on level 9 of the Dungeon)
 g - an uncursed ring of magical power
   (You found it on level 2 of the Dungeon)
 n - a +6 ring of strength
   (You found it on level 11 of the Dungeon)
 q - an uncursed ring of ice
   (You found it on level 7 of the Dungeon)
 s - an uncursed ring of protection from cold
   (You found it on level 6 of the Dungeon)
 v - a cursed amulet of inaccuracy (around neck)
   (You found it on level 6 of the Dungeon)
 L - a +4 ring of protection
   (You found it in an ice cave)
 M - a cursed +4 ring of evasion (right hand)
   (You found it in an ice cave)
 O - a ring of poison resistance (left hand)
   (You found it on level 4 of the Lair of Beasts)
 P - the cursed amulet "Wiudwepior" {Acrobat Str+7 Dex+2}
   (You acquired it on level 11 of the Dungeon)

   [amulet of the acrobat]

   It helps you evade while moving and waiting.
   It affects your strength (+7).
   It affects your dexterity (+2).
   It has a curse placed upon it.
Wands
 e - a wand of paralysis (13)
   (You bought it in a shop on level 8 of the Dungeon)
 k - a wand of polymorph (13)
   (You took it off an orc wizard on level 6 of the Dungeon)
 p - a wand of flame (36)
   (You found it on level 4 of the Dungeon)
 y - a wand of disintegration (12)
   (You found it on level 13 of the Dungeon)
 D - a wand of digging (3)
   (You found it on level 1 of the Lair of Beasts)
 E - a wand of iceblast (13)
   (You found it on level 2 of the Lair of Beasts)
 F - a wand of acid (15)
   (You found it on level 2 of the Lair of Beasts)
 G - a wand of clouds (6)
   (You found it on level 2 of the Lair of Beasts)
 I - a wand of enslavement (23)
   (You found it on level 4 of the Lair of Beasts)
Scrolls
 a - 2 scrolls of summoning
 i - 8 scrolls of teleportation
 l - 2 scrolls of amnesia
 m - 2 scrolls of fog
 t - a scroll of fear
 x - 2 scrolls of enchant armour
 K - a scroll of blinking
 S - a scroll of holy word
 V - a scroll of identify
Potions
 o - 4 potions of might
 r - 2 potions of brilliance
 z - 4 potions of stabbing
 A - a potion of mutation
 C - 6 potions of flight
 H - 3 potions of haste
 J - 4 potions of curing
 N - a potion of ambrosia
 Q - 2 potions of heal wounds
 R - a potion of resistance
 T - a potion of invisibility
 U - 2 potions of magic
Miscellaneous
 w - a phial of floods
   (You found it on level 10 of the Dungeon)
Comestibles
 d - 21 rations


   Skills:
 - Level 3.6 Fighting
 - Level 4.0(7.2) Short Blades
 - Level 12.4 Dodging
 - Level 18.7 Stealth
 + Level 7.5 Spellcasting
 + Level 10.2(12.3) Hexes
 - Level 4.2(6.4) Translocations
 - Level 8.0(10.3) Evocations


You had 6 spell levels left.
You knew the following spells:

 Your Spells              Type           Power        Failure   Level  Hunger
a - Invisibility          Hex            ######..     11%         6    #######
b - Ensorcelled Hibernat  Hex/Ice        #####.       1%          2    None
c - Confusing Touch       Hex            ######..     1%          3    ##.....
d - Tukima's Dance        Hex            ######..     1%          3    ##.....
e - Passage of Golubria   Tloc           N/A          8%          4    ####...
r - Blink                 Tloc           N/A          1%          2    None

Your spell library contained the following spells:

 Spells                   Type           Power        Failure   Level  Hunger
 Corona                   Hex            ######.      1%          1    None
 Slow                     Hex            ######..     1%          2    None
 Dazzling Flash           Conj/Hex       #####.       2%          3    ##.....
 Inner Flame              Hex/Fire       #####...     2%          3    ##.....
 Spectral Weapon          Hex/Chrm       #####...     2%          3    ##.....
 Summon Guardian Golem    Hex/Summ       #####...     2%          3    ##.....
 Shroud of Golubria       Chrm/Tloc      ####..       4%          2    None
 Animate Skeleton         Necr           N/A          10%         1    None
 Foxfire                  Conj/Fire      ##..         10%         1    None
 Infusion                 Chrm           ##..         10%         1    None
 Magic Dart               Conj           ##..         10%         1    None
 Pain                     Necr           ##..         10%         1    None
 Summon Small Mammal      Summ           ##..         10%         1    None
 Darkness                 Hex            ######....   11%         6    #######
 Call Imp                 Summ           ##......     14%         2    None
 Poisonous Vapours        Pois/Air       ##....       14%         2    None
 Passwall                 Tmut/Erth      ##......     16%         2    None
 Song of Slaying          Chrm           ##......     16%         2    None
 Swiftness                Chrm/Air       ##......     16%         2    None
 Call Canine Familiar     Summ           ##......     28%         3    ##.....
 Conjure Flame            Conj/Fire      ##......     28%         3    ##.....
 Mephitic Cloud           Conj/Pois/Air  ##......     28%         3    ##.....
 Ozocubu's Armour         Chrm/Ice       ##......     28%         3    ##.....
 Vampiric Draining        Necr           ##........   28%         3    ##.....
 Animate Dead             Necr           N/A          67%         4    ####...
 Sticky Flame             Conj/Fire      ##......     67%         4    ####...
 Summon Ice Beast         Ice/Summ       ##......     67%         4    ####...
 Summon Lightning Spire   Summ/Air       ##......     67%         4    ####...
 Agony                    Necr           ##......     95%         5    #####..
 Fireball                 Conj/Fire      ##........   95%         5    #####..
 Lee's Rapid Deconstruct  Erth           ##........   95%         5    #####..
 Freezing Cloud           Conj/Ice/Air   ##........   100%        6    #######
 Ring of Flames           Chrm/Fire      ##........   100%        7    #######


Dungeon Overview and Level Annotations

Branches:
Dungeon (14/15)            Temple (1/1) D:7            Lair (6/6) D:9
  Swamp (4/4) Lair:4        Slime (0/5) Lair:6          Orc (2/2) D:12
  IceCv (visited)
  Snake: Lair:2-4    Spider: Lair:2-4       Elf: Orc:2       Vaults: D:13-14

Altars:
Ashenzari
Cheibriados
Elyvilon
Gozag
Hepliaklqana
Makhleb
Nemelex Xobeh
Okawaru
Qazlal
Ru
Sif Muna
Trog
Uskayaw
Vehumet
Wu Jian
Xom
Beogh
Jiyva

Shops:
D:7 (   D:8 *   D:9 *   D:12 }:=*   Orc:1 (   Orc:2 *%%}

Portals:
Abyss: D:12

Annotations:
D:2 exclusion: 4 gnolls
D:6 Eustachio
D:12 2 transporters, TrebMcFLY's ghost, journeyman TrCK
Lair:1 Maggie
Lair:2 snake, exclusion: spiny frog
Lair:3 3 runed translucent doors, Deesahac's ghost, journeyman BaFi
Swamp:3 exclusion: thorn hunter
Orc:2 exclusions: 2 ogres, 2 two-headed ogres and 1 more exclusion


Innate Abilities, Weirdness & Mutations

You are very small and have problems with some larger weapons.
You are too small for most types of armour.
You have supernaturally acute eyesight. (SInv)
You are a herbivore.
You cover ground extremely quickly.
You need to consume almost no food.


Message History

As you read the scroll of blinking, it crumbles to dust.
The seven-headed hydra bites you!
The seven-headed hydra completely misses you.
The seven-headed hydra misses you.
The seven-headed hydra completely misses you. x4
The six-headed hydra misses you.
The six-headed hydra completely misses you. x2
The six-headed hydra bites you! The six-headed hydra misses you.
The six-headed hydra completely misses you.
The swamp drake misses you.
The swamp dragon bites the briar patch!
The swamp dragon claws the briar patch.
The swamp dragon tramples the briar patch.
The swamp dragon bites the briar patch.
The swamp dragon completely misses the briar patch.
The swamp dragon tramples the briar patch.
The swamp dragon bites the briar patch!
The briar patch is destroyed!
You pick up the decaying rune and feel its power.
Press } to see all the runes you have collected.
The swamp drake breathes noxious fumes at you.
The noxious blast engulfs the swamp drake but does no damage.
The six-headed hydra closely misses you.
The six-headed hydra completely misses you.
The six-headed hydra bites you!
* * * LOW HITPOINT WARNING * * *
The six-headed hydra completely misses you. x2
The six-headed hydra closely misses you.
The thorn hunter gestures.
As you read the scroll of fear, it crumbles to dust.
You assume a fearsome visage.
The five-headed hydra looks frightened!
The four-headed hydra looks frightened!
The swamp dragon looks frightened!
The seven-headed hydra resists with some effort.
The swamp dragon looks frightened!
The thorn hunter is unaffected.
The six-headed hydra looks frightened!
The swamp dragon looks frightened!
The swamp drake looks frightened! x2
The thorn hunter is unaffected.
The five-headed hydra easily resists.
The swamp drake looks frightened! x2
The swamp dragon looks frightened!
The swamp drake looks frightened!
The four-headed hydra resists with some effort.
The five-headed hydra looks frightened!
The seven-headed hydra looks frightened!
The swamp drake looks frightened!
The six-headed hydra looks frightened!
The seven-headed hydra easily resists.
The seven-headed hydra barely misses you.
The seven-headed hydra closely misses you.
The seven-headed hydra bites you.
* * * LOW HITPOINT WARNING * * *
The seven-headed hydra misses you. The seven-headed hydra bites you!
You die... ≈,* * , .≈≈ ##○○.## .♣≈* ≈, * ,≈ ##..DkD## ≈ ≈ ≈ , #..PD...#* ** ≈, ,*##.......##*, * ≈ * ≈ , #..DPDD...# *, , ≈ #DfDPkDfk.# *≈* * * , ≈**#.PDPk.○..# ≈* , ≈ ##kPDDDk.##

** *≈≈
###○@D###
≈, ≈≈≈ *
##### * ≈
, ≈, , *
* * ** ≈
≈ ,* ***≈
** * ≈ *≈
≈ , * ≈ ≈
, * , ,
,,,≈ * ≈*
≈ ,,* , ,
,* ≈,, ≈
, ****, ,
≈≈ ,≈ , *
≈ , * *,,
, ,


You could see 2 thorn hunters, 3 seven-headed hydras, 2 six-headed hydras, 3
five-headed hydras, 2 four-headed hydras, 4 swamp dragons and 6 swamp drakes.

Vanquished Creatures
  A thorn hunter (Swamp:3)
  Erica (D:10)
  3 unseen horrors
  A swamp dragon (Swamp:2)
  A deep elf mage (D:12)
  A manticore (D:14)
  2 ugly things
  A cyclops (D:10)
  A black mamba (Lair:3)
  Psyche (D:10)
  A gargoyle (D:8)
  3 spiny frogs
  A kobold demonologist (D:14)
  A hornet (D:9)
  A queen bee (D:9)
  2 trolls
  A tyrant leech (Swamp:2)
  A meliai zombie (D:13)
  A hippogriff (Lair:1)
  A bog body (Swamp:2)
  A blink frog (Lair:3)
  2 wyverns
  3 hungry ghosts
  A basilisk (D:14)
  4 vampire mosquitoes (Lair:4)
  Menkaure (D:5)
  A warg (Orc:1)
  2 nagas (Lair:2)
  A soldier ant (D:10)
  2 acid dragons (D:11)
  4 water moccasins
  A black bear (D:11)
  6 orc warriors
  2 ice beasts (D:9)
  4 sky beasts
  An eye of draining (D:8)
  2 phantoms
  7 ogres
  A necrophage (D:13)
  2 centaurs
  3 crocodiles
  A big kobold (D:10)
  7 bullfrogs
  A wyvern skeleton (D:10)
  4 scorpions
  22 killer bees
  2 howler monkeys
  4 crimson imps
  3 jellies
  8 orc priests
  A hound (D:8)
  Crazy Yiuf (D:2)
  A bullfrog skeleton (D:10)
  A centaur skeleton (D:5)
  2 iguanas
  4 orc wizards
  7 worker ants
  A killer bee zombie (D:8)
  An ogre zombie (D:12)
  A hound zombie (D:2)
  2 hound skeletons
  10 adders
  A gnoll (D:3)
  2 shadow imps
  An ooze (D:4)
  2 adder zombies
  An adder skeleton (D:8)
  3 worms
  2 leopard geckos (D:4)
  28 orcs
  3 bats
  3 giant cockroaches
  A goblin (D:1)
  3 hobgoblins
  2 jackals (D:4)
  A quokka (D:5)
  2 frilled lizards
  4 kobolds
  An orc skeleton (D:12)
  9 rats
230 creatures vanquished.

Vanquished Creatures (collateral kills)
  An ogre (D:7)
1 creature vanquished.

Vanquished Creatures (others)
  A centaur warrior (D:11)
  A komodo dragon (Swamp:2)
  2 vampire mosquitoes (Lair:4)
  A water moccasin (Lair:1)
  An orc warrior (D:13)
  A worker ant (D:13)
  An ogre zombie (D:12)
  3 orcs
  2 briar patches (Swamp:4)
  4 fungi
  12 plants
  10 toadstools (Lair:1)
39 creatures vanquished.

Grand Total: 270 creatures vanquished

Notes
Turn   | Place    | Note
-------+----------+-------------------------------------------
     0 | D:1      | Flugkiller the Spriggan Enchanter began the quest for the
                  | Orb.
     0 | D:1      | Reached XP level 1. HP: 9/9 MP: 5/5
     2 | D:1      | Noticed a human
     2 | D:1      | Noticed an ogre
     4 | D:1      | Noticed a ghoul
     4 | D:1      | Noticed a dwarf
     6 | D:1      | Noticed a formicid
     6 | D:1      | Noticed a centaur
     8 | D:1      | Noticed a draconian
    10 | D:1      | Noticed a vampire
    10 | D:1      | Noticed a demigod
    12 | D:1      | Noticed a vine stalker
    14 | D:1      | Noticed an elf
    14 | D:1      | Noticed a spriggan
    16 | D:1      | Noticed a gargoyle
    16 | D:1      | Noticed a troll
    18 | D:1      | Noticed a tengu
    18 | D:1      | Noticed a merfolk
    20 | D:1      | Noticed a minotaur
    20 | D:1      | Noticed a naga
    22 | D:1      | Noticed a felid
    22 | D:1      | Noticed an octopode
    24 | D:1      | Noticed a demonspawn
    26 | D:1      | Noticed a halfling
   352 | D:1      | Reached skill level 5 in Stealth
   614 | D:1      | Reached XP level 2. HP: 12/13 MP: 2/6
   674 | D:2      | Learned a level 2 spell: Ensorcelled Hibernation
   774 | D:2      | Reached skill level 6 in Stealth
   863 | D:2      | Reached XP level 3. HP: 16/16 MP: 6/8
  1187 | D:2      | Found a runed translucent door.
  1188 | D:2      | Noticed Crazy Yiuf
  1453 | D:2      | Killed Crazy Yiuf
  1453 | D:2      | Reached skill level 7 in Stealth
  1453 | D:2      | Reached XP level 4. HP: 21/21 MP: 6/9
  1705 | D:3      | Reached skill level 8 in Stealth
  1866 | D:3      | Learned a level 3 spell: Confusing Touch
  1957 | D:4      | Reached XP level 5. HP: 17/24 MP: 5/11
  2146 | D:4      | Found an ornate altar of the Wu Jian Council.
  2503 | D:4      | Reached skill level 5 in Hexes
  2669 | D:4      | Found a shattered altar of Ashenzari.
  2838 | D:5      | Entered Level 5 of the Dungeon
  2838 | D:5      | Noticed an ogre
  2838 | D:5      | Noticed an ogre
  2840 | D:5      | Killed an ogre
  2840 | D:5      | Reached XP level 6. HP: 28/28 MP: 13/13
  2894 | D:5      | Found an opulent altar of Gozag.
  2926 | D:5      | Noticed Menkaure
  3210 | D:6      | Reached XP level 7. HP: 23/32 MP: 11/14
  3313 | D:6      | Learned a level 2 spell: Blink
  3317 | D:6      | Learned a level 3 spell: Tukima's Dance
  3388 | D:6      | Found a bloodstained altar of Trog.
  3544 | D:6      | Reached skill level 1 in Fighting
  3931 | D:6      | Found a white marble altar of Elyvilon.
  3938 | D:6      | Found a snail-covered altar of Cheibriados.
  3939 | D:6      | Found a burning altar of Makhleb.
  3944 | D:6      | Found a shimmering blue altar of Sif Muna.
  4011 | D:7      | Reached XP level 8. HP: 39/39 MP: 13/15
  4231 | D:7      | Reached skill level 9 in Stealth
  4347 | D:7      | Found Rebygev's Antique Weapon Emporium.
  4381 | D:7      | Found a staircase to the Ecumenical Temple.
  4398 | D:7      | Reached skill level 5 in Dodging
  4400 | Temple   | Entered the Ecumenical Temple
  4645 | D:6      | Noticed Eustachio
  5117 | D:3      | Found a hazy altar of Hepliaklqana.
  5439 | D:5      | Killed Menkaure
  5572 | D:7      | Reached skill level 10 in Stealth
  5829 | D:8      | Reached skill level 11 in Stealth
  5829 | D:8      | Reached XP level 9. HP: 18/44 MP: 16/16
  5868 | D:8      | Noticed a gargoyle
  5874 | D:8      | Found Bisylerch's Assorted Antiques.
  5894 | D:8      | Killed a gargoyle
  5894 | D:8      | Reached skill level 12 in Stealth
  5920 | D:8      | Bought a worn bone wand for 144 gold pieces
  6087 | D:8      | Reached skill level 1 in Evocations
  6759 | D:4      | Became a worshipper of Ashenzari the Shackled
  6834 | D:9      | Found Deugre Edghe's Assorted Antiques.
  6855 | D:9      | Bought a scroll of remove curse for 69 gold pieces
  6855 | D:9      | Bought a scroll labeled QAITUACR SIED for 23 gold pieces
  6855 | D:9      | Bought a scroll labeled QAITUACR SIED for 23 gold pieces
  6942 | D:9      | Noticed an elephant
  6951 | D:9      | Found a staircase to the Lair.
  6983 | D:9      | Reached skill level 13 in Stealth
  7201 | D:9      | Noticed a troll
  7207 | D:9      | Noticed a queen bee
  7208 | D:9      | Killed a troll
  7208 | D:9      | Reached skill level 10 in Dodging
  7215 | D:9      | Killed a queen bee
  7219 | D:9      | Reached XP level 10. HP: 49/49 MP: 17/17
  7224 | D:9      | Reached skill level 5 in Evocations
  7332 | D:10     | Entered Level 10 of the Dungeon
  7351 | D:10     | Noticed an unseen horror
  7360 | D:10     | Killed an unseen horror
  7360 | D:10     | Reached skill level 14 in Stealth
  7449 | D:10     | Noticed Erica
  7463 | D:10     | Killed Erica
  7522 | D:10     | Noticed Psyche
  7529 | D:10     | Killed Psyche
  7609 | D:11     | Noticed a cyclops
  8058 | D:11     | Noticed a cyan ugly thing
  8075 | D:11     | Killed a cyan ugly thing
  8075 | D:11     | Reached skill level 15 in Stealth
  8256 | D:11     | Reached * piety under Ashenzari
  8260 | D:11     | Noticed an unseen horror
  8264 | D:11     | Noticed a centaur warrior
  8269 | D:11     | Killed an unseen horror
  8283 | D:11     | HP: 1/49 [centaur warrior (8)]
  8292 | D:11     | Banished a centaur warrior
  8292 | D:11     | Reached XP level 11. HP: 9/52 MP: 18/19
  8865 | Lair:1   | Entered Level 1 of the Lair of Beasts
  8883 | Lair:1   | Noticed a five-headed hydra
  8913 | Lair:1   | Reached skill level 5 in Spellcasting
  8934 | Lair:1   | Noticed Maggie
  9103 | Lair:1   | Noticed a four-headed hydra
  9217 | Lair:2   | Reached ** piety under Ashenzari
  9593 | Lair:3   | Found a frozen archway.
  9602 | IceCv    | Entered an ice cave
  9602 | IceCv    | Noticed a white ugly thing
  9603 | IceCv    | Found a transporter.
  9608 | IceCv    | Killed a white ugly thing
  9608 | IceCv    | Reached skill level 16 in Stealth
  9618 | IceCv    | Noticed a white ugly thing
 10130 | Lair:3   | Found a runed translucent gate.
 10130 | Lair:3   | Found a runed translucent gate.
 10130 | Lair:3   | Found a runed translucent gate.
 10131 | Lair:3   | Noticed Deesahac's ghost (journeyman BaFi)
 10208 | Lair:4   | Found a staircase to the Swamp.
 10283 | Lair:4   | Reached *** piety under Ashenzari
 10591 | Lair:4   | Noticed a six-headed hydra
 10681 | Lair:6   | Entered Level 6 of the Lair of Beasts
 10681 | Lair:6   | Noticed a four-headed hydra
 10852 | Lair:6   | Found a staircase to the Slime Pits.
 10852 | Lair:6   | Noticed an eight-headed hydra
 11111 | Lair:1   | Identified a scroll of acquirement
 11255 | D:10     | Reached skill level 17 in Stealth
 11305 | D:10     | Noticed an unseen horror
 11323 | D:10     | Killed an unseen horror
 11354 | D:11     | Got the cursed amulet "Wiudwepior" {Acrobat Str+7 Dex+2}
 11390 | D:12     | Noticed a deep elf mage
 11418 | D:12     | Found a transporter.
 11426 | D:12     | Noticed a glowing orange brain
 11427 | D:12     | Found a transporter.
 11428 | D:12     | Noticed a green ugly thing
 11474 | D:12     | Found Lumomn's Gadget Emporium.
 11543 | D:12     | Reached **** piety under Ashenzari
 11552 | D:12     | Found Jeuk's Book Emporium.
 11608 | D:12     | Identified the cursed +1 flail of the Candelabrum {vorpal,
                  | Int+2}
 11610 | D:12     | Found a staircase to the Orcish Mines.
 11619 | D:12     | Noticed an unseen horror
 12003 | Orc:1    | Entered Level 1 of the Orcish Mines
 12114 | Orc:1    | Noticed an orc knight
 12120 | Orc:1    | Noticed an orc knight
 12131 | Orc:2    | Entered Level 2 of the Orcish Mines
 12140 | Orc:1    | Found Dubaevew's Weapon Emporium.
 12349 | Orc:2    | Found a roughly hewn altar of Beogh.
 12403 | Orc:2    | Found Wezequll's Food Shop.
 12403 | Orc:2    | Found Jot Niuq's Gadget Shoppe.
 12403 | Orc:2    | Found Qer Ipt's Assorted Antiques.
 12403 | Orc:2    | Found Deuqinn's Food Shop.
 12403 | Orc:2    | Noticed an ogre mage
 12403 | Orc:2    | Noticed an ogre mage
 12403 | Orc:2    | Noticed an ogre mage
 12403 | Orc:2    | Noticed an ogre mage
 12403 | Orc:2    | Noticed a two-headed ogre
 12403 | Orc:2    | Noticed a two-headed ogre
 12403 | Orc:2    | Noticed a two-headed ogre
 12403 | Orc:2    | Noticed a two-headed ogre
 12403 | Orc:2    | Noticed a two-headed ogre
 12403 | Orc:2    | Noticed a two-headed ogre
 12403 | Orc:2    | Noticed a two-headed ogre
 12436 | Orc:2    | Reached skill level 18 in Stealth
 12797 | D:12     | Killed a deep elf mage
 12902 | D:13     | Noticed a skeletal warrior
 12902 | D:13     | Noticed a skeletal warrior
 12902 | D:13     | Noticed a skeletal warrior
 13264 | D:14     | Noticed a purple ugly thing
 13264 | D:14     | Noticed a purple ugly thing
 13267 | D:14     | Noticed a purple ugly thing
 13267 | D:14     | Noticed a purple ugly thing
 13267 | D:14     | Noticed a purple ugly thing
 13267 | D:14     | Noticed a purple ugly thing
 13829 | D:13     | Reached XP level 12. HP: 57/57 MP: 17/22
 13848 | D:12     | Found Faxeres's Assorted Antiques.
 13984 | D:12     | Noticed TrebMcFLY's ghost (journeyman TrCK)
 14005 | D:12     | Found a one-way gate to the infinite horrors of the Abyss.
 14042 | D:12     | Bought a book of Burglary for 1125 gold pieces
 14048 | D:12     | Found Giggil's Jewellery Shop.
 14064 | D:12     | Noticed a two-headed ogre
 14078 | D:12     | Bought a scroll of remove curse for 108 gold pieces
 14570 | Lair:4   | Learned a level 6 spell: Invisibility
 14575 | Lair:4   | Learned a level 4 spell: Passage of Golubria
 14590 | Lair:4   | Reached skill level 1 in Translocations
 14627 | Swamp:1  | Entered Level 1 of the Swamp
 14692 | Swamp:1  | You fall into a shaft and drop 1 floor!
 14728 | Swamp:2  | Found an iron altar of Okawaru.
 14959 | Swamp:3  | Noticed a thorn hunter
 14962 | Swamp:3  | Killed a thorn hunter
 14962 | Swamp:3  | Reached skill level 10 in Hexes
 14964 | Swamp:3  | Noticed a thorn hunter
 14986 | Swamp:4  | Entered Level 4 of the Swamp
 14993 | Swamp:4  | Noticed an alligator
 15006 | Swamp:4  | Noticed a five-headed hydra
 15006 | Swamp:4  | Noticed a four-headed hydra
 15006 | Swamp:4  | Noticed a seven-headed hydra
 15006 | Swamp:4  | Noticed a thorn hunter
 15006 | Swamp:4  | Noticed a six-headed hydra
 15006 | Swamp:4  | Noticed a thorn hunter
 15006 | Swamp:4  | Noticed a five-headed hydra
 15006 | Swamp:4  | Noticed a four-headed hydra
 15007 | Swamp:4  | Noticed a five-headed hydra
 15007 | Swamp:4  | Noticed a seven-headed hydra
 15007 | Swamp:4  | Noticed a six-headed hydra
 15007 | Swamp:4  | Noticed a seven-headed hydra
 15009 | Swamp:4  | Got a decaying rune of Zot
 15010 | Swamp:4  | Slain by a seven-headed hydra

Illustrated notes

Levels and vault maps discovered:
D:1:      kb_arrival_jail, layout_basic, serial_glass, glass_columns_a,
          glass_columns_b, glass_columns_a, glass_columns_b, minmay_heptomino_d4
D:2:      layout_loops_ring, lemuel_coloured_pillars_altar,
          uniq_crazy_yiuf_cottage
D:3:      layout_basic, lemuel_round_altar
D:4:      layout_loops_cross, kennysheep_mini, kennysheep_vampire_church,
          overflow_temple_1_default, first_ration
D:5:      layout_rooms, kennysheep_mini_moat, kennysheep_generic_room_15,
          uniq_menkaure
D:6:      layout_basic, minitemple, trog_eyes_of_draining, uniq_eustachio
D:7:      layout_layer_cave, minmay_temple_entry_statues, serial_shops,
          nicolae_shop_statue_plus, serial_glass, glass_columns_b,
          glass_columns_b
D:8:      layout_basic, kennysheep_okawaru_gauntlet, serial_shops, shop
D:9:      layout_loops_ring, david_lair_generic, serial_shops,
          nicolae_shop_overgrown_old_shop, david_nohive_1
D:10:     layout_basic, uniq_psyche, uniq_erica
D:11:     layout_basic, chequers_serial_rivers_marsh
D:12:     layout_small_grid, zombieorc2_lemuel, serial_shops,
          nicolae_shop_window_shopping, nicolae_shop_behind_doors,
          nicolae_shop_temple_entry_statues_fountains,
          nicolae_shop_overgrown_old_shop, gammafunk_ghost_abyssal_escape
D:13:     layout_roguey [special_room_orc], minivault_4
D:14:     layout_roguey, erik_vaults_2, hangedman_decor_growths
Temple:   pf_slime_end_temple
Lair:1:   gammafunk_lair_enchanted_lake, layout_gridlike,
          grunt_forest_small_clearing_treed, infiniplex_staircase_pool,
          lemuel_fruit_fields, uniq_gastronok, uniq_maggie
Lair:2:   layout_hall_layers, minmay_snake_entry_guardpost_medium,
          lemuel_fruit_fields
Lair:3:   layout_gridlike, portal_ice_cave_entry_pillars_2,
          gammafunk_ghost_necromancy, nicolae_quartered_pool_super, uniq_snorg
Lair:4:   layout_loops_ring, minmay_swamp_entry_swarm,
          mumra_transporter_accident, lemuel_fruit_tree
Lair:5:   layout_small_grid, serial_bayou_shore_a, minmay_lair_oklob_chamber
Lair:6:   wormcave, layout_cave_pods, hangedman_lair_caniforms_friends,
          slime_altar_1
Swamp:1:  layout_falls_marsh, evilmike_swamp_ruin_house_3
Swamp:2:  layout_basic_swamp, lemuel_altar_in_water
Swamp:3:  layout_basic_swamp, evilmike_swamp_ruin_rubble_1
Swamp:4:  swamp, layout_basic_swamp, swamp_pool1, infiniplex_staircase_pool_2
Orc:1:    layout_caves, serial_shops, nicolae_shop_statue_plus
Orc:2:    st_orc_ogre_mass, layout_caves, mines1_david

Skill      XL: |  1  2  3  4  5  6  7  8  9 10 11 12 |
---------------+-------------------------------------+-----
Stealth        | 5 6 7 8 11 13 15 18 | 18.7
Spellcasting   | 3 4 6 7 |  7.5
Hexes          | 4 6 7 8 9 10 | 10.2
Fighting       | 1 3 |  3.6
Short Blades   | 2 4 |  4.0
Dodging        | 4 7 10 12 | 12.4
Evocations     | 4 8 |  8.0
Translocations | 4 |  4.2

Action                   |  1- 3 |  4- 6 |  7- 9 | 10-12 || total
-------------------------+-------+-------+-------+-------++-------
Melee: Dagger            |    74 |    38 |   217 |   307 ||   636
 Cast: Corona            |    16 |     2 |       |       ||    18
       Ensorcelled Hiber |    11 |    22 |    67 |   114 ||   214
       Confusing Touch   |       |     2 |    17 |    14 ||    33
       Tukima's Dance    |       |       |     3 |     3 ||     6
       Blink             |       |       |     1 |     5 ||     6
       Passage of Golubr |       |       |       |     3 ||     3
       Invisibility      |       |       |       |     1 ||     1
Invok: Curse Item        |       |       |     1 |     2 ||     3
       Scrying           |       |       |       |     4 ||     4
  Use: Scroll            |       |       |    15 |    18 ||    33
       Potion            |       |       |     7 |     1 ||     8
 Stab: Sleeping          |     4 |    19 |    59 |    79 ||   161
       Confused          |       |     2 |    13 |    10 ||    25
       Distracted        |       |       |     1 |     1 ||     2
       Invisible         |       |       |       |     3 ||     3
  Eat: Ration            |       |     1 |     7 |     5 ||    13
Armor: Robe              |     7 |     9 |    31 |    34 ||    81
Dodge: Dodged            |    73 |    48 |   234 |   505 ||   860
